Map: Base du roi Sejong EC

Players

supersledz

  • Race: Terran Terran
  • League: Gold
  • Spawn Location: 5:00

zidar - Winner!

  • Race: Zerg Zerg
  • League: Platinum
  • Spawn Location: 11:00

VOD

Have the link to the VOD?

Description

Time

  • Played on: Oct. 11, 2016, 3:17 p.m.
  • Length: 17:46
Show
View Real Time Build Order
Export as new Build Order

supersledz Terran 

Build Orders: Gas First Reaper Expand 

Get SALT Encoding   

  12  0:02  SCV  
  13  0:16  Supply Depot  
  13  0:18  SCV  
  14  0:30  SCV  
  14  0:35  Refinery  
  15  0:41  Barracks  
  15  0:46  SCV  
  16  0:58  SCV  
  17  1:10  SCV  
  18  1:22  SCV  
  19  1:28  Reaper  
  20  1:36  Command Center  
  20  1:40  SCV  
  21  1:52  SCV  
  22  2:02  Factory  
  23  2:14  Orbital Command  
  22  2:17  Refinery  
  22  2:30  Barracks Tech Lab  
  24  2:58  Starport  
  24  3:05  Widow Mine  
  24  3:06  Bunker  
  24  3:13  Orbital Command  
  24  3:14  Supply Depot  
  24  3:15  Supply Depot  
  24  3:17  Marine, Supply Depot  
  25  3:25  SCV  
  28  3:37  Widow Mine  
  28  3:45  SCV x2  
  30  4:01  Liberator  
  32  4:06  Widow Mine  
  32  4:13  Fusion Core  
  32  4:20  SCV x2  
  39  4:32  SCV x2  
  39  4:34  Widow Mine  
  41  4:41  Barracks  
  41  4:43  Barracks, Supply Depot  
  41  4:44  SCV  
  42  4:59  Liberator  
  44  5:01  Orbital Command  
  44  5:05  Advanced Ballistics  
  44  5:12  Marine  
  46  5:25  Supply Depot  
  46  5:29  Marine x2  
  46  5:30  Marine  
  46  5:34  SCV  
  50  5:47  Marine x2, SCV  
  50  5:48  Marine  
  54  5:56  Liberator  
  53  6:01  Barracks  
  53  6:03  SCV  
  53  6:04  Barracks  
  54  6:05  Marine, Refinery  
  54  6:06  Marine  
  54  6:07  Refinery  
  54  6:08  Command Center  
  57  6:15  SCV  
  57  6:18  Factory Reactor  
  61  6:20  Barracks Tech Lab  
  60  6:27  SCV  
  60  6:28  SCV  
  62  6:37  Barracks Reactor  
  63  6:40  SCV  
  63  6:41  Supply Depot  
  63  6:51  Barracks Tech Lab  
  63  6:53  Barracks Reactor  
  63  6:55  Stimpack  
  63  7:11  Marine x2  
  69  7:20  Widow Mine x2  
  69  7:29  Marine  
  70  7:43  Marine x4  
  74  7:52  Marine x2  
  80  8:00  Marine  
  80  8:01  Widow Mine x2  
  80  8:04  Marine x3  
  75  8:27  Marine x2  
  75  8:29  Engineering Bay  
  75  8:31  Orbital Command  
  75  8:32  Armory  
  77  8:54  SCV  
  77  8:55  SCV  
  79  9:07  SCV  
  80  9:11  Orbital Command  
  80  9:14  Missile Turret  
  80  9:16  Missile Turret x2  
  80  9:18  Missile Turret  
  80  9:19  Missile Turret  
  80  9:20  Marine x2  
  80  9:21  Marine  
  83  9:26  Missile Turret x2  
  83  9:35  Missile Turret  
  83  9:39  Marine  
  83  9:40  Marine  
  83  9:42  Marine x2  
  83  9:45  Supply Depot  
  87  9:54  Starport  
  87  9:57  Refinery  
  87  9:58  Refinery  
  72  10:19  Marine x5  
  76  10:31  SCV x2  
  76  10:32  SCV  
  76  10:33  Factory, Starport  
  73  10:48  Starport Reactor  
  73  10:49  Medivac x2  
  77  11:01  Terran Infantry Weapons Level 1  
  77  11:04  Engineering Bay  
  77  11:09  Command Center  
  77  11:19  Medivac  
  77  11:41  Marine x2  
  77  11:43  Starport Reactor  
  77  11:44  Factory Tech Lab  
  79  11:53  Marine x3, SCV x2  
  79  11:54  Marine, Starport  
  85  11:55  Thor  
  85  11:57  Starport  
  85  11:59  Viking x2, Medivac x2  
  99  12:08  SCV  
  99  12:09  SCV  
  103  12:23  Thor  
  103  12:24  Marauder  
  103  12:25  Marine, Marauder  
  103  12:26  Marine x3  
  103  12:29  Viking x2, Medivac  
  121  12:30  Medivac  
  123  12:43  Marine  
  124  12:59  Planetary Fortress, SCV, Marauder  
  127  13:09  Supply Depot  
  127  13:10  Supply Depot  
  127  13:11  Supply Depot  
  127  13:12  Supply Depot  
  127  13:23  Thor x2  
  127  13:25  SCV  
  140  13:31  SCV x2  
  142  13:37  SCV  
  142  13:38  Refinery  
  142  13:40  SCV  
  144  13:43  SCV x2  
  144  13:45  Viking x2  
  144  13:46  Medivac  
  152  13:48  Medivac  
  152  13:49  SCV  
  152  13:51  Terran Vehicle Weapons Level 1  
  155  13:55  Terran Infantry Armor Level 1  
  155  14:13  Thor x2  
  167  14:18  Supply Depot  
  167  14:19  Supply Depot  
  167  14:29  Viking  
  167  14:30  Viking  
  171  14:39  Viking  
  173  14:56  Hellbat x2  
  173  14:58  Drilling Claws  
  177  15:07  Barracks  
  177  15:10  Barracks, Viking  
  177  15:11  Barracks, Viking x2, Medivac x2  
  177  15:13  Marine  
  188  15:25  Terran Infantry Weapons Level 2  
  188  15:35  Armory  
  188  15:50  Marine  
  188  15:51  Marine x5, Medivac  
  126  16:07  Viking x2  
  126  16:08  Viking x4  
  105  16:26  Viking x2  
  105  16:28  Marauder  
  105  16:29  Marauder  
  105  16:30  Barracks Tech Lab x2  
  113  16:37  Viking x2, Barracks Tech Lab  
  117  16:41  Refinery  
  117  16:50  Factory x2  
  117  17:02  Viking x5  
Show
View Real Time Build Order
Export as new Build Order

zidar Zerg - Winner!

Build Orders: Hatch First 

Get SALT Encoding   

  12  0:01  Drone  
  13  0:12  Overlord  
  13  0:17  Drone  
  14  0:30  Drone x2  
  16  0:51  Hatchery  
  16  0:53  Drone  
  16  0:57  Extractor  
  16  0:58  Drone  
  16  1:09  Drone x2  
  18  1:24  Spawning Pool  
  17  1:39  Drone x3  
  20  1:51  Overlord  
  19  2:11  Queen x2  
  19  2:13  Zergling x2  
  19  2:14  Zergling x2  
  25  2:17  Zergling x2  
  26  2:23  Metabolic Boost  
  26  2:38  Baneling Nest  
  26  2:39  Drone x2  
  26  3:13  Drone x6  
  32  3:23  Pneumatized Carapace  
  32  3:39  Extractor  
  31  3:45  Drone  
  31  3:46  Drone x2  
  31  3:47  Drone  
  35  3:51  Drone  
  36  4:15  Overlord x3  
  36  4:16  Overlord  
  36  4:32  Hatchery  
  36  4:33  Queen  
  37  4:42  Lair  
  37  5:10  Roach Warren  
  36  5:17  Drone x9  
  45  5:23  Extractor  
  45  5:24  Drone x4  
  45  5:25  Extractor, Drone x3  
  50  5:31  Drone  
  50  5:32  Drone  
  52  5:38  Queen  
  54  5:58  Spire  
  53  6:07  Evolution Chamber  
  53  6:09  Evolution Chamber  
  51  6:12  Queen  
  51  6:15  Drone x12  
  65  6:37  Zerg Ground Armor Level 1  
  65  6:38  Zerg Melee Weapons Level 1  
  65  6:43  Spire  
  64  6:49  Drone x2, Infestation Pit  
  64  6:52  Overlord x3  
  64  6:53  Overlord  
  48  7:39  Corruptor  
  48  7:40  Corruptor x3  
  48  7:41  Corruptor x3  
  61  7:45  Hive  
  46  8:29  Drone x7  
  53  8:43  Zerg Flyer Armor Level 1  
  53  8:56  Queen  
  57  9:03  Greater Spire  
  57  9:07  Drone x9  
  66  9:29  Zergling x2  
  66  9:30  Zergling x10  
  70  9:41  Drone  
  71  9:49  Drone x3  
  74  9:53  Baneling  
  74  9:54  Baneling x10  
  74  10:01  Centrifical Hooks  
  62  10:14  Zergling x18  
  62  10:18  Brood Lord  
  67  10:44  Brood Lord  
  67  10:48  Drone x6  
  75  10:51  Drone x5  
  80  10:59  Overseer  
  77  11:35  Zergling x12  
  77  11:36  Zergling x20  
  93  11:42  Baneling x6  
  93  11:46  Zerg Ground Armor Level 2, Zerg Melee Weapons Level 2  
  93  11:48  Adrenal Glands  
  93  12:03  Brood Lord  
  95  12:14  Drone x2  
  97  12:17  Overlord  
  97  12:18  Overlord x3  
  97  12:39  Drone x10  
  97  12:40  Drone x2  
  109  12:51  Overlord x3  
  109  12:57  Zerg Flyer Weapons Level 1  
  109  12:58  Zerg Flyer Armor Level 2  
  109  13:06  Corruptor x2  
  113  13:13  Queen  
  113  13:15  Extractor  
  113  13:19  Extractor  
  113  13:31  Zergling x18  
  113  13:32  Zergling x6  
  113  13:33  Baneling  
  113  13:34  Baneling x10  
  125  13:43  Drone  
  125  13:45  Drone x5  
  131  13:54  Corruptor  
  133  14:06  Corruptor  
  133  14:07  Corruptor x2  
  139  14:12  Overlord x4  
  139  14:19  Zerg Melee Weapons Level 3  
  139  15:04  Hatchery  
  138  15:11  Corruptor x2  
  138  15:12  Corruptor  
  138  15:13  Hatchery  
  143  15:14  Zergling x10  
  143  15:15  Zergling x12  
  143  15:20  Brood Lord  
  156  15:22  Brood Lord  
  156  15:27  Baneling x7  
  156  15:28  Baneling x11  
  158  15:31  Zergling x12  
  158  15:32  Zergling x2  
  126  16:24  Zergling x2  
  126  16:25  Zergling x42  
  137  16:49  Baneling x11  
  137  16:50  Baneling  
Tags
 
Add a new tag
Caveats
  • Supply blocks, unpowered buildings, or Contaminate may cause inaccurate times.
  • Supply counts are checked every 10 seconds.